 Dungeon Crawl Stone Soup version 0.31-a0-983-g7b6862f502 (webtiles) character file.

Game seed: 16953785872356089285

1070 billz999 the Covert (level 8, -3/46 HPs)
             Began as an Octopode Earth Elementalist on Nov 2, 2023.
             Was an Initiate of Gozag.
             Slain by a vampire mosquito (11 damage)
             ... on level 6 of the Dungeon.
             The game lasted 00:09:23 (5588 turns).

billz999 the Covert (Octopode Earth Elementalist)   Turns: 5588, Time: 00:09:24

Health: -3/46      AC:  1    Str:  8    XL:     8   Next: 28%
Magic:  12/14      EV: 13    Int: 19    God:    Gozag
Gold:   447        SH:  0    Dex: 12    Spells: 12/16 levels left

rFire   . . .        e - +3 dagger (elec)
rCold   . . .        (no shield)
rNeg    . . .        (helmet restricted)
rPois   .            q - amulet of the acrobat
rElec   .            (no ring)
rCorr   .            (no ring)
SInv    .            (no ring)
Will    .....        (no ring)
Stlth   +++++        (no ring)
HPRegen 0.27/turn    (no ring)
MPRegen 0.14/turn    (no ring)
                     (no ring)

%: acrobat
@: mighty, gold aura
A: almost no armour, amphibious, 8 rings, camouflage 1, gelatinous body 1,
(nimble swimmer 1), tentacles
a: Renounce Religion, Potion Petition, Call Merchant, Bribe Branch


You were on level 6 of the Dungeon.
You worshipped Gozag.
Gozag was aware of your devotion.
You visited 1 branch of the dungeon, and saw 6 of its levels.

You collected 493 gold pieces.
You paid 46 gold pieces to Gozag.

Inventory:

Hand Weapons
 c - a +0 short sword
 e - a +3 dagger of electrocution (weapon)
 i - a +0 dagger
Missiles
 h - a throwing net
Jewellery
 d - an amulet of reflection
 q - an amulet of the acrobat (around mantle)
Wands
 o - a wand of iceblast (7)
 v - a wand of flame (6)
 w - a wand of mindburst (11)
Scrolls
 b - 2 scrolls of fear {unknown}
 g - 5 scrolls of identify
 k - a scroll of torment {unknown}
 l - a scroll of enchant armour {unknown}
 p - a scroll of immolation {unknown}
 s - 2 scrolls of poison {unknown}
 u - a scroll of vulnerability {unknown}
Potions
 a - a potion of magic
 f - 2 potions of might
 j - 3 potions of enlightenment
 m - 2 potions of resistance {unknown}
 n - a potion of cancellation {unknown}
 r - a potion of ambrosia {unknown}


   Skills:
 - Level 2.0 Dodging
 - Level 8.1 Stealth
 * Level 4.5 Spellcasting
 + Level 5.1 Conjurations
 - Level 1.0 Transmutations
 + Level 4.3 Earth Magic


You had 12 spell levels left.
You knew the following spells:

 Your Spells              Type           Power      Damage    Failure   Level
a - Sandblast             Erth           40%        2d10      2%          1
b - Stone Arrow           Conj/Erth      44%        3d9       5%          3

Your spell library contained the following spells:

 Spells                   Type           Power      Damage    Failure   Level
 Passwall                 Tmut/Erth      11%        N/A       6%          2
 Brom's Barrelling Bould  Conj/Erth      22%        2d4       19%         4
 Petrify                  Tmut/Erth      14%        N/A       38%         4


Dungeon Overview and Level Annotations

Branches:
Dungeon (6/15)
 Temple: D:4-7

Altars:
Gozag
Okawaru
Ru

Shops:
D:5 =

Annotations:
D:3 1 runed translucent door, Crazy Yiuf


Innate Abilities, Weirdness & Mutations

You cannot wear most types of armour.
You are amphibious.
You can wear up to eight rings at the same time.
Your skin changes colour to match your surroundings (Stealth+).
Your rubbery body absorbs attacks. (AC +1, EV +1)
((You are camouflaged when in or above water. (Stealth+)))
You have tentacles for arms and can constrict up to eight enemies at once.


Message History

Your Earth Magic skill increases to level 4!
You have reached level 8!
Unknown command.
Aiming: Mindburst
Press: ? - help, Shift-Dir - straight line, f - vampire mosquito
Aim: a vampire mosquito (almost destroyed, chance to affect: 64%)
The vampire mosquito's mind is blasted!
You blow up the vampire mosquito!
You hear a splash.
The vampire mosquito closely misses you.
The vampire mosquito bites you.
The vampire mosquito draws strength from your injuries!
Your Conjurations skill increases to level 5!
A centaur comes into view.
The vampire mosquito completely misses you.
Aiming: Throw Flame
Press: ? - help, Shift-Dir - straight line, f - vampire mosquito
Aim: a vampire mosquito (48% to hit)
The puff of flame hits the vampire mosquito.
The vampire mosquito is lightly damaged.
The centaur shouts!
The centaur wields a +0 orcbow.
The centaur shoots an arrow.
The arrow hits you!
The vampire mosquito is engulfed in a cloud of scalding steam.
The vampire mosquito bites you.
The vampire mosquito draws strength from your injuries!
The vampire mosquito is engulfed in a cloud of scalding steam.
The vampire mosquito bites you!
The vampire mosquito draws strength from your injuries!
The vampire mosquito is engulfed in a cloud of scalding steam.
The vampire mosquito bites you!
* * * LOW HITPOINT WARNING * * *
The vampire mosquito draws strength from your injuries!
The centaur shoots an arrow.
The arrow misses you.
The vampire mosquito closely misses you.
It was a potion of might.
You feel very mighty all of a sudden. The vampire mosquito bites you!
You die...
Your body crumbles into a pile of gold.

#........###....
#...~...~..~..~.
~~~≈~≈~~~~~≈c..~
≈~~~≈~~~~~~~≈~c.
~~~.~~~~.≈.~.≈≈.
~~≈.~.≈~~~~~~≈$≈
~.~....$...# ...#..y#..#
#..@#### #...####
##+#...# .. #.>....# ...
#......# ....#....### .#
. #........# ..######.
#........#######.##.....
#.............##.##....#


You could see a vampire mosquito and a centaur.

Vanquished Creatures
  2 vampire mosquitoes (D:6)
  A black bear (D:4)
  2 centaurs
  A bullfrog (D:6)
  3 jellies
  3 orc priests
  Terence (D:2)
  Jessica (D:2)
  4 orc wizards
  6 adders
  2 white imps (D:6)
  2 worms
  3 dart slugs
  18 orcs
  7 ball pythons
  4 bats
  4 endoplasms
  4 giant cockroaches
  8 goblins
  8 hobgoblins
  2 jackals (D:1)
  4 quokkas
  4 frilled lizards
  4 kobolds
  5 rats
103 creatures vanquished.

Notes
Turn   | Place    | Note
-------+----------+-------------------------------------------
     0 | D:1      | billz999 the Octopode Earth Elementalist began the quest
                  | for the Orb.
     0 | D:1      | Reached XP level 1. HP: 11/11 MP: 3/3
    19 | D:1      | Reached skill level 3 in Stealth
   317 | D:1      | Reached XP level 2. HP: 17/17 MP: 1/5
   390 | D:1      | Reached skill level 4 in Stealth
  1105 | D:2      | Noticed Jessica
  1108 | D:2      | Killed Jessica
  1109 | D:2      | Reached skill level 5 in Stealth
  1109 | D:2      | Reached XP level 3. HP: 21/21 MP: 6/6
  1140 | D:2      | Reached XP level 4. HP: 27/27 MP: 4/7
  1264 | D:2      | Reached skill level 6 in Stealth
  1648 | D:2      | Noticed Terence
  1651 | D:2      | Killed Terence
  2054 | D:3      | Reached skill level 7 in Stealth
  2072 | D:3      | Reached XP level 5. HP: 5/31 MP: 0/8
  2542 | D:3      | Reached skill level 8 in Stealth
  2585 | D:3      | Found an iron altar of Okawaru.
  2818 | D:3      | Found a runed translucent door.
  2819 | D:3      | Noticed Crazy Yiuf
  2954 | D:3      | Learned a level 3 spell: Stone Arrow
  2977 | D:4      | Noticed a black bear
  2981 | D:4      | HP: 1/31 [black bear (6)]
  2982 | D:4      | Killed a black bear
  2983 | D:4      | Reached XP level 6. HP: 1/36 MP: 6/9
  3243 | D:4      | Found an opulent altar of Gozag.
  3244 | D:4      | Found a sacrificial altar of Ru.
  3268 | D:4      | Became a worshipper of Gozag Ym Sagoz the Greedy
  3765 | D:4      | Identified the +8 dagger "Ekav" {pain, rElec Dex+3}
  3894 | D:5      | Entered Level 5 of the Dungeon
  3995 | D:5      | Found Yggeckuov's Jewellery Shoppe.
  4175 | D:5      | Reached XP level 7. HP: 38/41 MP: 6/10
  5577 | D:6      | Noticed a vampire mosquito
  5579 | D:6      | Noticed a vampire mosquito
  5579 | D:6      | Noticed a vampire mosquito
  5582 | D:6      | Killed a vampire mosquito
  5583 | D:6      | Reached XP level 8. HP: 39/46 MP: 12/14
  5584 | D:6      | Reached skill level 5 in Conjurations
  5588 | D:6      | Slain by a vampire mosquito

Illustrated notes

Levels and vault maps discovered:
D:1:      erik_arrival_triangle_medium, layout_loops_ring
D:2:      layout_basic, uniq_terence, uniq_jessica
D:3:      layout_loops_ring, okawaru_altar_gauntlet_db,
          nicolae_underground_beach, uniq_crazy_yiuf_cottage
D:4:      layout_cave_pools, mainiacjoe_overflow_catwalk_spiral
D:5:      layout_loops_cross, serial_shops, nicolae_shop_back_alley_shop
D:6:      layout_basic, serial_rivers, chequers_serial_rivers_large_b,
          chequers_serial_rivers_micro_b, chequers_serial_rivers_large_a,
          chequers_serial_rivers_small_a

Skill      XL: |  1  2  3  4  5  6  7  8 |
---------------+-------------------------+-----
Stealth        | 3 5 7 8 |  8.1
Conjurations   | 2 4 5 |  5.1
Spellcasting   | 4 |  4.5
Earth Magic    | 4 |  4.3
Dodging        | |  2.0
Transmutations | |  1.0

Action                     |  1- 3 |  4- 6 |  7- 9 || total
---------------------------+-------+-------+-------++-------
  Melee: Short sword       |    11 |       |       ||    11
         Tentacles         |     2 |    10 |     8 ||    20
         Dagger            |     3 |    67 |    40 ||   110
         Constrict         |     1 |    17 |     6 ||    24
         Punch             |     1 |       |     2 ||     3
   Cast: Sandblast         |    12 |    54 |    20 ||    86
  Evoke: Wand              |       |     1 |     6 ||     7
    Use: Scroll            |       |     6 |       ||     6
         Potion            |       |     7 |     2 ||     9
   Stab: Sleeping          |    11 |    15 |       ||    26
 Armour: Skin              |     2 |    44 |    52 ||    98
  Dodge: Dodged            |     2 |    49 |    54 ||   105

Table legend: (Time is in decaauts)
 A = Elapsed time spent in this place.
 B = Non-inter-level travel time spent in this place.
 C = Inter-level travel time spent in this place.
 D = Time resting spent in this place.
 E = Time spent auto-exploring this place.
 F = Levels seen in this place.
 G = Mean time per level.
                   A        B        C        D        E       F      G
               +--------+--------+--------+--------+--------+-----+--------+
         Total |   5635 |   5414 |    221 |   1046 |   3675 |   6 |  939.2 |
       Dungeon |   5635 |   5414 |    221 |   1046 |   3675 |   6 |  939.2 |
               +--------+--------+--------+--------+--------+-----+--------+

Top non-repeatable levels by time:
     D:3: 1271 daAuts
     D:1: 1010 daAuts
     D:2: 972 daAuts
     D:6: 884 daAuts
     D:5: 823 daAuts
     D:4: 674 daAuts
